 Dungeon Crawl Stone Soup version 0.23.2-1-ga50397a (webtiles) character file.

Game seed: 6644249885918106113

2453 IBeShadow the Zephyrmancer (level 9, -1/55 HPs)
             Began as a Tengu Air Elementalist on May 16, 2019.
             Was a Follower of Ashenzari.
             Killed from afar by Joseph (4 damage)
             ... with a wand of flame (10)
             ... on level 8 of the Dungeon.
             The game lasted 00:22:30 (10871 turns).

IBeShadow the Zephyrmancer (TeAE)                  Turns: 10871, Time: 00:22:31

Health: -1/55      AC:  7    Str: 12    XL:     9   Next: 50%
Magic:  27/27      EV: 14    Int: 16    God:    Ashenzari [*.....]
Gold:   433        SH:  0    Dex: 14    Spells: 18/19 levels left

rFire    + . .     SeeInvis +   N - +8 flail of Ceinoorgh {elec, +Blink}
rCold    . . .     Gourm    .   (no shield)
rNeg     . . .     Faith    .   K - +3 leather armour {rF+}
rPois    .         Spirit   .   (helmet restricted)
rElec    .         Reflect  .   D - +0 cloak
rCorr    .         Harm     .   (no gloves)
MR       .....                  (boots unavailable)
Stlth    ++........             (no amulet)
HPRegen  0.18/turn              j - ring of see invisible
MPRegen  0.20/turn              M - ring of magical power

@: flying quickly and evasively, quick
A: beak, talons 3, able to fly
a: Stop Flying, Curse Item, Scrying, Renounce Religion, Evoke Blink


You were on level 8 of the Dungeon.
You worshipped Ashenzari.
Ashenzari was aware of your devotion.
You were not hungry.

You visited 2 branches of the dungeon, and saw 9 of its levels.

You collected 433 gold pieces.

Inventory:

Hand Weapons
 f - a +0 dagger
 A - a +0 long sword
 N - the +8 flail of Ceinoorgh (weapon) {elec, +Blink}
   (You found it on level 8 of the Dungeon)

   Occasionally, upon striking a foe, it will discharge some electrical energy
   and cause terrible harm.
   It lets you blink.
Armour
 a - a +0 robe
 D - a +0 cloak (worn)
 K - a +3 leather armour of fire resistance (worn)
Jewellery
 j - a ring of see invisible (left hand)
 E - a +1 ring of evasion
 M - a ring of magical power (right hand)
Wands
 t - a wand of digging (4)
 z - a wand of enslavement (8)
 F - a wand of random effects (13)
 I - a wand of flame (22)
Scrolls
 b - 3 scrolls of amnesia
 d - 2 scrolls of enchant weapon
 e - 2 scrolls of random uselessness
 h - a scroll of noise {unknown}
 m - a scroll of fear {unknown}
 o - a scroll of magic mapping {unknown}
 q - 2 scrolls of blinking
 r - a scroll of identify
 u - 2 scrolls of enchant armour
 w - 5 scrolls of immolation
 x - 4 scrolls of teleportation
 y - 2 scrolls of remove curse
Potions
 g - 3 potions of might
 i - 3 potions of ambrosia {unknown}
 k - 4 potions of curing
 l - 2 potions of haste {unknown}
 p - a potion of lignification {unknown}
 s - 2 potions of berserk rage {unknown}
 v - 2 potions of flight
 B - 3 potions of agility
 H - a potion of mutation {unknown}
 L - a potion of invisibility {unknown}
Comestibles
 c - 14 rations
 n - 7 chunks of flesh


   Skills:
 + Level 5.6 Fighting
 + Level 3.6 Long Blades
 - Level 2.6 Maces & Flails
 - Level 2.1 Dodging
 - Level 2.0 Stealth
 + Level 5.5 Spellcasting
 + Level 7.7 Conjurations
 + Level 8.7 Air Magic


You had 18 spell levels left.
You knew the following spells:

 Your Spells              Type           Power        Failure   Level  Hunger
a - Shock                 Conj/Air       ####         1%          1    None

Your spell library contained the following spells:

 Spells                   Type           Power        Failure   Level  Hunger
 Static Discharge         Conj/Air       ####....     1%          3    ###....
 Swiftness                Chrm/Air       ###.....     4%          2    #......
 Airstrike                Air            ####......   4%          4    ####...
 Lightning Bolt           Conj/Air       ####......   17%         5    ######.


Dungeon Overview and Level Annotations

Branches:
Dungeon (8/15)             Temple (1/1) D:5
   Lair: D:8-11

Altars:
Ashenzari
Cheibriados
Elyvilon
Fedhas
Gozag
Hepliaklqana
Kikubaaqudgha
Makhleb
Okawaru
Qazlal
Ru
Sif Muna
Trog
Uskayaw
Vehumet
Wu Jian
Xom
Yredelemnul
Zin

Shops:
D:4 =   D:5 *

Annotations:
D:8 Joseph


Innate Abilities, Weirdness & Mutations

You have a beak for a mouth.
You have claws for feet.
You can fly continuously.


Message History

You hit Joseph. Lightning courses through Joseph! Your kick misses Joseph.
Joseph is moderately wounded.
Joseph hits you with a +5 quarterstaff of holy wrath!
You closely miss Joseph. You claw Joseph!
Joseph is moderately wounded.
Joseph zaps a wand.
The puff of flame misses you.
You closely miss Joseph.
Joseph is moderately wounded.
Joseph hits you with a +5 quarterstaff of holy wrath!
You sock Joseph! You claw Joseph. Your peck misses Joseph.
Joseph is severely wounded.
Joseph hits you with a +5 quarterstaff of holy wrath!
* * * LOW HITPOINT WARNING * * *
Unknown command.
You barely miss Joseph. Your kick misses Joseph. Your peck misses Joseph.
Joseph is severely wounded.
Joseph hits you with a +5 quarterstaff of holy wrath!
* * * LOW HITPOINT WARNING * * *
Joseph zaps a wand.
The puff of flame hits you. You resist.
You die...

################
#######..............#
........<(..########.#
#####..@##.# #.#
####..@..#.# #.#
#........#.# #.#
#######.##.....#.# #.#
#...##.#.##...##.###
#.#
#.#.#.###.######...#
#.# #.#.)## ##.# #...#
#.# #.#.#.###.## #...#
#.# #.#.##)#..# ##.##
#.#


You could see Joseph.

Vanquished Creatures
  Grinder (D:3)
  A spriggan (D:7)
  A hungry ghost (D:7)
  Edmund (D:5)
  An orc warrior (D:7)
  A sky beast (D:6)
  A phantom (D:6)
  A black bear (D:8)
  2 centaurs
  2 ogres
  A bullfrog (D:8)
  3 crimson imps
  A bullfrog zombie (D:5)
  3 orc priests
  A bullfrog skeleton (D:7)
  2 jellies
  A hound (D:4)
  12 orc wizards
  An iguana (D:5)
  Terence (D:2)
  3 worker ants
  6 adders
  A howler monkey skeleton (D:7)
  7 gnolls
  3 shadow imps
  4 oozes
  An adder zombie (D:6)
  An adder skeleton (D:5)
  2 worms (D:3)
  4 dart slugs
  2 leopard geckos
  32 orcs
  5 giant cockroaches
  8 hobgoblins
  7 jackals
  4 quokkas
  A ball python (D:3)
  4 bats
  4 frilled lizards
  7 goblins
  A jackal skeleton (D:4)
  8 kobolds
  2 quokka zombies
  4 rats
159 creatures vanquished.

Notes
Turn   | Place    | Note
-------+----------+-------------------------------------------
     0 | D:1      | IBeShadow the Tengu Air Elementalist began the quest for
                  | the Orb.
     0 | D:1      | Reached XP level 1. HP: 10/10 MP: 4/4
   115 | D:1      | Reached XP level 2. HP: 2/16 MP: 3/6
  1235 | D:2      | Found a hide-covered altar of Uskayaw.
  1247 | D:2      | Found a faded altar of an unknown god.
  1251 | D:2      | Reached skill level 1 in Fighting
  1251 | D:2      | Reached XP level 3. HP: 16/20 MP: 7/7
  1381 | D:2      | Noticed Terence
  1445 | D:2      | Killed Terence
  1797 | D:2      | Reached XP level 4. HP: 10/25 MP: 1/8
  3204 | D:3      | Noticed Grinder
  3205 | D:3      | Paralysed by Grinder for 5 turns
  3215 | D:3      | Paralysed by Grinder for 7 turns
  3639 | D:3      | Reached skill level 5 in Air Magic
  3645 | D:3      | Gained mutation: You can fly continuously. [Tengu growth]
  3645 | D:3      | Reached XP level 5. HP: 19/30 MP: 5/10
  3772 | D:3      | Paralysed by Grinder for 4 turns
  3780 | D:3      | Killed Grinder
  3780 | D:3      | Reached XP level 6. HP: 13/36 MP: 5/12
  4687 | D:4      | Found a deep blue altar of Sif Muna.
  4880 | D:4      | Found Xiempov's Jewellery Emporium.
  4891 | D:4      | Found a deep blue altar of Sif Muna.
  4901 | D:4      | Reached skill level 6 in Air Magic
  4907 | D:4      | Reached XP level 7. HP: 27/41 MP: 5/13
  6049 | D:5      | Entered Level 5 of the Dungeon
  6310 | D:5      | Reached skill level 5 in Conjurations
  6332 | D:5      | Reached skill level 1 in Maces & Flails
  6724 | D:5      | Found a staircase to the Ecumenical Temple.
  6734 | Temple   | Entered the Ecumenical Temple
  6797 | Temple   | Became a worshipper of Ashenzari the Shackled
  6938 | D:5      | Reached XP level 8. HP: 13/48 MP: 12/15
  7262 | D:5      | Found Vewn's Assorted Antiques.
  7406 | D:5      | Reached skill level 7 in Air Magic
  7662 | D:5      | Noticed Edmund
  7675 | D:5      | Killed Edmund
  8290 | D:6      | Found a sacrificial altar of Ru.
  8328 | D:6      | Reached skill level 1 in Long Blades
  8540 | D:6      | Reached * piety under Ashenzari
  9040 | D:6      | Found an opulent altar of Gozag.
  9041 | D:6      | Found a glowing silver altar of Zin.
  9275 | D:7      | Reached skill level 5 in Fighting
  9275 | D:7      | Reached skill level 5 in Spellcasting
  9275 | D:7      | Reached skill level 8 in Air Magic
  9487 | D:7      | Noticed a spriggan baker
  9493 | D:7      | Killed a spriggan baker
  9493 | D:7      | Reached XP level 9. HP: 28/54 MP: 13/17
  9825 | D:7      | Found a hazy altar of Hepliaklqana.
 10311 | D:8      | Noticed Joseph
 10658 | D:8      | Got the flail of Ceinoorgh {elec, +Blink}
 10659 | D:8      | Identified the +8 flail of Ceinoorgh {elec, +Blink} (You
                  | found it on level 8 of the Dungeon)
 10784 | D:8      | Found a deep blue altar of Sif Muna.
 10871 | D:8      | Killed from afar by Joseph

Skill      XL: |  1  2  3  4  5  6  7  8  9 |
---------------+----------------------------+-----
Conjurations   | 2 3 4 5 7 |  7.7
Fighting       | 1 2 3 5 |  5.6
Air Magic      | 5 6 8 |  8.7
Spellcasting   | 3 4 5 |  5.5
Maces & Flails | 1 2 |  2.6
Long Blades    | 2 3 |  3.6
Dodging        | |  2.1
Stealth        | |  2.0

Action                   |  1- 3 |  4- 6 |  7- 9 || total
-------------------------+-------+-------+-------++-------
Melee: Dagger            |    37 |       |       ||    37
       Kick              |     8 |    17 |    53 ||    78
       Peck              |     5 |    12 |    33 ||    50
       Unarmed           |     2 |       |       ||     2
       Flail             |    22 |    85 |    35 ||   142
       Whip              |       |       |    37 ||    37
       Trident           |       |       |   171 ||   171
 Cast: Shock             |    19 |    52 |    99 ||   170
 Abil: Fly               |       |       |     1 ||     1
  Use: Potion            |       |     3 |     1 ||     4
       Scroll            |       |     2 |     9 ||    11
 Stab: Sleeping          |     5 |     7 |     5 ||    17
       Distracted        |       |     1 |     1 ||     2
  Eat: Chunk             |     3 |    10 |    19 ||    32
       Ration            |       |       |     1 ||     1
Armor: Robe              |    11 |    20 |    14 ||    45
       Leather armour    |       |       |    48 ||    48
Dodge: Dodged            |    53 |    75 |   176 ||   304
